 Dungeon Crawl Stone Soup version 0.30-a0-924-g0ad0bf95bc (webtiles) character file.

Game seed: 1426686521798612763

48616 Darkkill the Warrior (level 14, -3/141 HPs)
             Began as a Minotaur Hunter on Mar 22, 2023.
             Was an Initiate of Gozag.
             Slain by an orc sorcerer
             ... wielding a +0 dagger
              (8 damage)
             ... while paralysed by an orc sorcerer
             ... on level 2 of the Orcish Mines.
             The game lasted 00:32:35 (19114 turns).

Darkkill the Warrior (Minotaur Hunter)             Turns: 19114, Time: 00:32:36

Health: -3/141     AC: 18    Str: 16    XL:     14   Next: 12%
Magic:  0/13       EV:  2    Int:  6    God:    Gozag
Gold:   2991       SH:  0    Dex: 31    Spells: 13/13 levels left

rFire   . . .      SeeInvis .    a - +3 triple crossbow (heavy)
rCold   . . .      Faith    .    (shield currently unavailable)
rNeg    . . .      Spirit   +    d - +5 scale mail of Timohiuss {Harm Will+ Dex+6}
rPois   +          Reflect  .    q - +2 hat
rElec   .          Rampage  .    m - +1 cloak
rCorr   .          Harm     + .  r - +0 pair of gloves
Will    ++...                    O - +1 pair of boots
Stlth   +++++                    K - amulet of guardian spirit
HPRegen 0.43/turn                j - ring of poison resistance
MPRegen 0.13/turn                I - +6 ring of dexterity

@: paralysed
A: horns 2, retaliatory headbutt
a: Renounce Religion, Potion Petition, Call Merchant, Bribe Branch


You were on level 2 of the Orcish Mines.
You worshipped Gozag.
Gozag was most pleased with you.
You visited 4 branches of the dungeon, and saw 19 of its levels.
You also visited: Sewer.

You collected 8302 gold pieces.
You spent 3316 gold pieces at shops.
You paid 1995 gold pieces to Gozag.

Inventory:

Hand Weapons
 a - a +3 heavy triple crossbow (weapon)
 b - the +10 dark maul {heavy}
   (You bought it in a shop on level 5 of the Lair of Beasts)
Missiles
 e - 183 stones
 o - 3 javelins
 y - a throwing net {=f !f}
 E - 10 boomerangs
Armour
 d - the +5 scale mail of Timohiuss (worn) {Harm Will+ Dex+6}
   (You bought it in a shop on level 9 of the Dungeon)

   Dex:       It affects your dexterity (+6).
   Harm:      It increases damage dealt and taken.
   Will:      It increases your willpower.
 m - a +1 cloak (worn)
 q - a +2 hat (worn)
 r - a +0 pair of gloves (worn)
 O - a +1 pair of boots (worn)
Jewellery
 j - a ring of poison resistance (left hand)
 I - a +6 ring of dexterity (right hand)
 K - an amulet of guardian spirit (around neck)
Wands
 l - a wand of paralysis (16)
 s - a wand of iceblast (5)
 C - a wand of acid (9)
 L - a wand of digging (11)
 N - a wand of flame (12)
Scrolls
 c - 4 scrolls of identify {@r1}
 i - 7 scrolls of amnesia
 u - 2 scrolls of fog
 w - 2 scrolls of teleportation
 x - a scroll of butterflies
 z - 5 scrolls of immolation
 D - a scroll of fear
 P - a scroll of poison
 U - a scroll of blinking
Potions
 f - 3 potions of lignification
 g - 2 potions of ambrosia
 h - 7 potions of curing {@q1}
 n - 6 potions of invisibility
 t - 5 potions of might
 v - a potion of berserk rage
 A - 2 potions of attraction
 B - 2 potions of brilliance
 F - 2 potions of flight
 G - 3 potions of magic
 H - 2 potions of haste
 J - 2 potions of mutation
Miscellaneous
 k - a lightning rod (4/4)


   Skills:
 + Level 17.8 Fighting
 + Level 14.4 Ranged Weapons
 + Level 13.9 Dodging
 + Level 11.6 Stealth


You had 13 spell levels left.
You didn't know any spells.
Your spell library contained the following spells:

 Spells                   Type           Power      Damage    Failure   Level
 Magic Dart               Conj           0%         1d3       88%         1
 Necrotise                Necr           0%         1d4       88%         1
 Blink                    Tloc           0%         N/A       96%         2
 Call Imp                 Summ           0%         N/A       96%         2
 Ensorcelled Hibernation  Hex/Ice        0%         N/A       96%         2
 Lesser Beckoning         Tloc           0%         N/A       96%         2
 Momentum Strike          Conj/Tloc      0%         3d8       96%         2
 Sublimation of Blood     Necr           0%         N/A       96%         2
 Wereblood                Tmut           0%         N/A       96%         2
 Hailstorm                Conj/Ice       0%         3d3       99%         3
 Ignite Poison            Fire/Tmut/Pois 0%         N/A       99%         3
 Kindle Blastsparks       Fire/Tloc/Air  0%         2d10      99%         3
 Mephitic Cloud           Conj/Pois/Air  0%         N/A       99%         3
 Spider Form              Tmut/Pois      0%         N/A       99%         3
 Vampiric Draining        Necr           0%         2d6       99%         3
 Anguish                  Hex/Necr       0%         N/A       100%        4
 Ice Form                 Ice/Tmut       0%         N/A       100%        4
 Petrify                  Tmut/Erth      0%         N/A       100%        4
 Agony                    Necr           0%         N/A       100%        5
 Fireball                 Conj/Fire      0%         3d3       100%        5
 Freezing Cloud           Conj/Ice/Air   0%         6-21      100%        5
 Irradiate                Conj/Tmut      0%         3d11      100%        5
 Iskenderun's Battlesphe  Conj           0%         2d6       100%        5
 Conjure Ball Lightning   Conj/Air       0%         3x3d6     100%        6
 Orb of Destruction       Conj           0%         9d5       100%        7
 Summon Hydra             Summ           0%         N/A       100%        7
 Simulacrum               Ice/Necr       Unusable   N/A       N/A         6

Dungeon Overview and Level Annotations

Branches:
Dungeon (11/15)            Temple (1/1) D:4            Lair (5/5) D:9
  Swamp (0/4) Lair:3        Snake (0/4) Lair:3        Slime (0/5) Lair:4
    Orc (2/2) D:11            Elf (0/3) Orc:2         Sewer (visited)

Altars:
Ashenzari
Cheibriados
Dithmenos
Elyvilon
Fedhas
Gozag
Hepliaklqana
Kikubaaqudgha
Makhleb
Nemelex Xobeh
Okawaru
Qazlal
Ru
Sif Muna
Trog
Uskayaw
Vehumet
Wu Jian
Xom
Yredelemnul
Zin
The Shining One
Jiyva

Shops:
D:5 [   D:6 (   D:9 [   D:10 (   Orc:2 (   Lair:5 (

Annotations:
D:2 1 runed translucent door, Crazy Yiuf
D:5 2 transporters
Lair:3 2 transporters, Gesaczie's ghost, journeyman MiFi
Lair:4 1 runed translucent door
Lair:5 2 transporters, bigduke15's ghost, journeyman DESu


Innate Abilities, Weirdness & Mutations

You have a pair of horns on your head.
You reflexively headbutt those who attack you in melee.


Message History

You kill the orc high priest!
The soul eater disappears in a puff of smoke!
The sun demon disappears in a puff of smoke!
An orc warrior comes into view. It is wielding a +0 scimitar.
The orc sorcerer is distracted by your dazzling golden aura.
The orc sorcerer hits you with a +0 dagger!
The orc sorcerer shouts!
Fire: a) +3 triple crossbow (heavy)
Press: ? - help, Q - select action, (/) - cycle Shift-Dir - straight line, f - orc knight
Aim: an orc knight, wielding a +0 long sword and wearing a +0 plate armour (strong, 76% to hit)
You shoot a bolt. The orc sorcerer shouts!
The bolt hits the orc knight!!!
You kill the orc knight!
The orc knight no longer looks unusually strong.
The orc sorcerer is no longer distracted by gold.
The orc sorcerer no longer looks unusually strong.
The orc sorcerer hits you but does no damage.
An orc priest comes into view. It is wielding a +0 flail.
The orc sorcerer hits you but does no damage.
The orc priest mumbles some strange prayers to Beogh against you.
Beogh smites you!
The orc sorcerer gestures wildly while chanting.
The orc sorcerer misses you. You furiously retaliate!
You headbutt the orc sorcerer.
The orc sorcerer hits you but does no damage.
An orc knight comes into view. It is wielding a +0 great mace.
The orc knight roars a battlecry!
The orcs go into a battle-frenzy!
An orc sorcerer and an orc warrior come into view.
Fire: a) +3 triple crossbow (heavy)
Press: ? - help, Q - select action, (/) - cycle Shift-Dir - straight line, f - orc sorcerer
Aim: an orc sorcerer, wielding a +0 dagger and wearing a +1 robe of willpower (strong, 72% to hit)
You shoot a bolt. The bolt hits the orc sorcerer!!!
You kill the orc sorcerer!
The soul eater disappears in a puff of smoke!
The orc sorcerer no longer looks unusually strong.
The orc sorcerer hits you but does no damage.
The orc sorcerer's eyes start to glow.
The orc knight roars a battlecry!
The orcs go into a battle-frenzy!
The orc sorcerer hits you but does no damage.
Unknown command.
You feel much better.
The orc warrior no longer looks unusually strong.
The orc knight completely misses you. You furiously retaliate!
You headbutt the orc knight! The orc sorcerer barely misses you.
You feel much better.
The orc sorcerer casts a spell.
The orc knight roars a battlecry!
The orcs go into a battle-frenzy!
The orc sorcerer hits you but does no damage.
You shoot a bolt. The bolt hits the orc sorcerer!!!
You kill the orc sorcerer!
The orc wizard no longer looks unusually strong.
The orc sorcerer no longer looks unusually strong.
The orc priest no longer looks unusually strong.
The orc wizard casts a spell.
The orc wizard flickers and vanishes!
Deactivating autopickup; reactivate with Ctrl-A.
The orc sorcerer gestures wildly while chanting.
The orc knight barely misses you. You furiously retaliate!
You headbutt the orc knight.
The orc knight roars a battlecry!
The orc sorcerer goes into a battle-frenzy!
An orc warrior comes into view. It is wielding a +0 trident.
The orc sorcerer casts a spell at you. You resist with almost no effort.
An orc wizard comes into view. It is wielding a +0 dagger.
The orc knight misses you.
You shoot a bolt. The bolt hits the orc sorcerer!!!!
You kill the orc sorcerer!
The orc knight hits you with a +0 dire flail!!
The orc knight completely misses you.
You shoot a bolt.
The bolt hits the orc knight but does no damage.
The orc knight is lightly wounded.
The orc warrior no longer looks unusually strong.
The orc sorcerer is distracted by your dazzling golden aura.
The orc knight closely misses you.
The orc priest miscasts a cantrip.
The orc knight hits you with a +0 dire flail!!
The orc knight closely misses you. You furiously retaliate!
You headbutt the orc knight.
The orc sorcerer shouts!
You shoot a bolt. The bolt closely misses the orc knight.
The orc sorcerer is no longer distracted by gold.
The orc sorcerer casts a spell at you.
You suddenly lose the ability to move!
The orc knight hits you with a +0 dire flail!!
The orc wizard gestures wildly while chanting.
The orc wizard flickers and vanishes!
The orc knight roars a battlecry!
The orc warrior goes into a battle-frenzy!
The orc knight hits you with a +0 dire flail!!
* * * LOW HITPOINT WARNING * * *
The orc warrior hits you from afar with a +0 halberd!
* * * LOW HITPOINT WARNING * * *
The orc sorcerer hits you with a +0 dagger!
You die...
Your body crumbles into a pile of gold.

# ##.#....... ...
#...#......
...##..........
...............
..........#....
...............
####...........
###### #...........
#ooo@## #...........
.${.o##o.##
#..)........ ..o
##..# #........... #
# ##.###........... #
#..##.....)..... ###
##.##...))...... ^.##
#.##........... ...#
#.##........... ..#
..#####.##...........


You could see 2 orc knights, an orc sorcerer (strong, resistant), 2 orc warriors
and an orc priest (strong).

Vanquished Creatures
  Snorg (D:11)
  Fannar (D:11)
  A hydra (Lair:5)
  2 boulder beetles
  A two-headed ogre (D:9)
  3 orc high priests (Orc:2)
  3 skysharks
  2 orc knights (Orc:2)
  4 orc sorcerers (Orc:2)
  3 oklob plants (Lair:3)
  Maurice (D:11)
  5 black mambas
  8 elephants
  14 cane toads
  Maggie (D:6)
  10 komodo dragons
  2 rime drakes (Lair:4)
  5 polar bears (Lair:5)
  Grinder (D:5)
  2 trolls
  Prince Ribbit (D:6)
  23 blink frogs
  5 hornets (Lair:5)
  A shadow (D:11)
  13 spriggans (Lair:5)
  Sigmund (D:6)
  18 yaks
  5 wyverns
  5 wraiths
  6 basilisks
  6 vampire mosquitoes (D:11)
  Menkaure (D:7)
  A naga (Lair:3)
  Edmund (D:6)
  2 wargs
  Duvessa (D:7)
  6 black bears
  14 water moccasins
  An ice beast (D:6)
  12 orc warriors
  6 ogres
  19 wolves (Lair:5)
  5 boggarts (Lair:5)
  6 centaurs
  2 phantoms
  2 scorpions
  8 bullfrogs
  4 gnoll sergeants
  3 wights (D:6)
  Dowan (D:7)
  20 killer bees
  An electric eel (Lair:1)
  4 howler monkeys
  2 hounds
  A gnoll bouda (D:7)
  12 orc priests
  3 jellies
  Jessica (D:3)
  Natasha (thrice) (D:4)
  3 sleepcaps
  Ijyb (D:3)
  Terence (D:2)
  4 iguanas
  14 orc wizards
  Robin (D:3)
  31 gnolls
  10 adders
  2 shadow imps
  2 white imps
  An ufetubus (D:5)
  4 worms
  4 dart slugs
  58 orcs
  7 bats
  10 endoplasms
  7 giant cockroaches
  11 hobgoblins
  9 jackals
  10 quokkas
  5 ball pythons
  A frilled lizard (D:2)
  13 goblins
  3 kobolds
  5 rats
513 creatures vanquished.

Vanquished Creatures (others)
  An orc wizard (D:11)
  22 fungi
  57 plants
80 creatures vanquished.

Grand Total: 593 creatures vanquished

Notes
Turn   | Place    | Note
-------+----------+-------------------------------------------
     0 | D:1      | Darkkill the Minotaur Hunter began the quest for the Orb.
     0 | D:1      | Reached XP level 1. HP: 18/18 MP: 0/0
    31 | D:1      | Reached skill level 1 in Stealth
   125 | D:1      | Reached XP level 2. HP: 25/25 MP: 1/1
   531 | D:2      | Noticed Terence
   537 | D:2      | Reached skill level 3 in Fighting
   544 | D:2      | Killed Terence
   545 | D:2      | Reached XP level 3. HP: 19/31 MP: 2/2
   721 | D:2      | HP: 3/31 [something (4)]
   723 | D:2      | HP: 1/31 [something (1)]
   924 | D:2      | Found a faded altar of an unknown god.
  1091 | D:2      | Reached XP level 4. HP: 38/38 MP: 3/3
  1132 | D:2      | Found a runed translucent door.
  1133 | D:2      | Noticed Crazy Yiuf
  1314 | D:2      | You fall into a shaft and drop 1 floor!
  1321 | D:3      | Identified a scroll of acquirement
  1321 | D:3      | Acquired a +3 arbalest of flaming
  1409 | D:3      | Reached skill level 5 in Ranged Weapons
  1701 | D:3      | Noticed Ijyb
  1701 | D:3      | Paralysed by Ijyb for 5 turns
  1708 | D:3      | Paralysed by Ijyb for 5 turns
  1715 | D:3      | Killed Ijyb
  1840 | D:3      | Noticed Robin
  1846 | D:3      | Reached XP level 5. HP: 41/46 MP: 4/4
  1851 | D:3      | Killed Robin
  2078 | D:3      | Noticed Jessica
  2080 | D:3      | Killed Jessica
  2081 | D:3      | Reached skill level 4 in Fighting
  2616 | D:4      | Noticed Natasha
  2620 | D:4      | Killed Natasha
  2682 | D:4      | Reached XP level 6. HP: 53/53 MP: 5/5
  2885 | D:4      | Found a staircase to the Ecumenical Temple.
  2951 | D:4      | Noticed Natasha
  2952 | D:4      | Killed Natasha
  2971 | D:4      | Noticed Natasha
  2987 | D:4      | Killed Natasha
  3001 | Temple   | Entered the Ecumenical Temple
  3096 | Temple   | Became a worshipper of Gozag Ym Sagoz the Greedy
  3309 | D:4      | Reached XP level 7. HP: 41/60 MP: 6/6
  3390 | D:4      | Reached skill level 5 in Fighting
  3615 | D:5      | Entered Level 5 of the Dungeon
  3749 | D:5      | Found a glowing drain.
  3777 | Sewer    | Entered a sewer
  3851 | Sewer    | Reached skill level 5 in Dodging
  4161 | D:5      | Found a transporter.
  4165 | D:5      | Found a transporter.
  4442 | D:5      | Found Anemaoj's Armour Boutique.
  4449 | D:5      | Reached skill level 6 in Fighting
  4449 | D:5      | Reached XP level 8. HP: 70/70 MP: 7/7
  4574 | D:5      | Noticed Grinder
  4576 | D:5      | Killed Grinder
  5156 | D:6      | Noticed Sigmund
  5157 | D:6      | Killed Sigmund
  5158 | D:6      | Reached skill level 7 in Fighting
  5158 | D:6      | Reached skill level 5 in Stealth
  5186 | D:6      | Noticed Edmund
  5188 | D:6      | Killed Edmund
  5217 | D:6      | Reached XP level 9. HP: 69/79 MP: 8/8
  5292 | D:6      | Found an ornate altar of the Wu Jian Council.
  5363 | D:6      | Noticed Maggie
  5368 | D:6      | Killed Maggie
  5419 | D:6      | Noticed Prince Ribbit
  5421 | D:6      | Killed Prince Ribbit
  5422 | D:6      | Reached skill level 8 in Fighting
  5470 | D:6      | Found a bloodstained altar of Trog.
  5962 | D:6      | Bought a brightly glowing battleaxe for 253 gold pieces
  5962 | D:6      | Identified the +8 battleaxe of Fedhas's Supremacy {speed,
                  | rPois Dex+3} (You bought it in a shop on level 6 of the
                  | Dungeon)
  5962 | D:6      | Bought a glowing longbow for 209 gold pieces
  6048 | D:7      | Noticed Duvessa
  6050 | D:7      | Noticed Dowan
  6054 | D:7      | Killed Duvessa
  6055 | D:7      | Reached skill level 9 in Fighting
  6055 | D:7      | Killed Dowan
  6073 | D:7      | Noticed Menkaure
  6075 | D:7      | Killed Menkaure
  6128 | D:7      | Found an ancient bone altar of Kikubaaqudgha.
  6487 | D:7      | Found a shadowy altar of Dithmenos.
  6504 | D:7      | Reached XP level 10. HP: 91/91 MP: 9/9
  6757 | D:7      | Found a white marble altar of Elyvilon.
  7257 | D:8      | Found a sparkling altar of Nemelex Xobeh.
  7271 | D:8      | Found an iron altar of Okawaru.
  7302 | D:8      | Reached skill level 10 in Fighting
  7423 | D:8      | Found a sacrificial altar of Ru.
  7425 | D:8      | Found a stormy altar of Qazlal.
  7672 | D:9      | Noticed a two-headed ogre
  7680 | D:9      | HP: 11/93 [two-headed ogre/+0 giant club (29)]
  7683 | D:9      | Killed a two-headed ogre
  7695 | D:9      | HP: 13/94 [gnoll/+0 halberd[a gnoll sergeant] (12)]
  7712 | D:9      | HP: 12/94 [gnoll sergeant/+0 spear (2)]
  8015 | D:9      | Reached skill level 11 in Fighting
  8187 | D:9      | Reached skill level 10 in Ranged Weapons
  8438 | D:9      | Found a staircase to the Lair.
  8528 | Lair:1   | Entered Level 1 of the Lair of Beasts
  8559 | Lair:1   | Noticed a cane toad
  8562 | Lair:1   | Killed a cane toad
  8563 | Lair:1   | Reached skill level 12 in Fighting
  8583 | Lair:1   | Noticed a cane toad
  8587 | Lair:1   | Killed a cane toad
  8588 | Lair:1   | Reached XP level 11. HP: 104/104 MP: 10/10
  8742 | Lair:1   | Reached skill level 10 in Dodging
  8761 | Lair:1   | Reached skill level 13 in Fighting
  9248 | Lair:1   | Noticed a skyshark
  9279 | Lair:1   | Killed a skyshark
  9884 | Lair:2   | Reached skill level 14 in Fighting
  9986 | Lair:2   | Found a shimmering blue altar of Sif Muna.
 10281 | Lair:2   | Noticed a skyshark
 10286 | Lair:2   | Killed a skyshark
 10287 | Lair:2   | Reached XP level 12. HP: 118/118 MP: 11/11
 10665 | Lair:3   | Found a staircase to the Snake Pit.
 10722 | Lair:3   | Reached skill level 15 in Fighting
 10738 | Lair:3   | Acquired 755 gold pieces
 10740 | Lair:3   | Acquired a +1 heavy triple crossbow
 10749 | Lair:3   | Acquired 1086 gold pieces
 11198 | Lair:3   | Found a transporter.
 11288 | Lair:3   | Found a transporter.
 11540 | Lair:3   | Found a staircase to the Swamp.
 11587 | Lair:3   | Noticed an eight-headed hydra
 11592 | Lair:3   | Noticed a six-headed hydra
 11593 | Lair:3   | Noticed Gesaczie's ghost (journeyman MiFi)
 12592 | Lair:4   | Found a runed translucent door.
 12594 | Lair:4   | Found a viscous altar of Jiyva.
 12594 | Lair:4   | Noticed an acid blob
 12595 | Lair:4   | Noticed an acid blob
 12596 | Lair:4   | Found a staircase to the Slime Pits.
 12636 | Lair:4   | Reached skill level 16 in Fighting
 12842 | Lair:4   | Reached skill level 10 in Stealth
 13499 | Lair:5   | Entered Level 5 of the Lair of Beasts
 13614 | Lair:5   | Noticed a boulder beetle
 13620 | Lair:5   | Killed a boulder beetle
 13622 | Lair:5   | HP: 18/124 [yak (14)]
 13911 | Lair:5   | Reached XP level 13. HP: 99/130 MP: 12/12
 13919 | Lair:5   | Bought the +10 dark maul {heavy} for 2404 gold pieces
 13919 | Lair:5   | Found the +10 dark maul {heavy}
 13995 | Lair:5   | Found a transporter.
 14007 | Lair:5   | Found a transporter.
 14049 | Lair:5   | Acquired 1224 gold pieces
 14724 | Lair:5   | Reached skill level 17 in Fighting
 15093 | Lair:5   | Noticed bigduke15's ghost (journeyman DESu)
 15099 | Lair:5   | Found a bloodstained altar of Trog.
 16224 | D:9      | Bought a distressingly furry scale mail for 225 gold pieces
 16224 | D:9      | Identified the +5 scale mail of Timohiuss {Harm Will+
                  | Dex+6} (You bought it in a shop on level 9 of the Dungeon)
 16224 | D:9      | Bought a glimmering scale mail for 225 gold pieces
 16224 | D:9      | Identified the +4 scale mail of Blue Skies {Rampage rElec
                  | rPois} (You bought it in a shop on level 9 of the Dungeon)
 16258 | D:10     | Entered Level 10 of the Dungeon
 16402 | D:10     | Found a shimmering altar of Xom.
 16649 | D:10     | Found Kuomavvo's Hydra Hut.
 17188 | D:11     | Noticed Fannar
 17194 | D:11     | Killed Fannar
 17215 | D:11     | Noticed Snorg
 17216 | D:11     | Killed Snorg
 17368 | D:11     | Noticed Maurice
 17369 | D:11     | Killed Maurice
 18245 | D:11     | Found a staircase to the Orcish Mines.
 18386 | Orc:1    | Entered Level 1 of the Orcish Mines
 18550 | Orc:1    | You fall into a shaft and drop 1 floor!
 18550 | Orc:2    | Entered Level 2 of the Orcish Mines
 18609 | Orc:2    | Found a staircase to the Elven Halls.
 18615 | Orc:2    | Found Puliugg's Weapon Shop.
 19098 | Orc:2    | Reached XP level 14. HP: 85/141 MP: 7/13
 19113 | Orc:2    | Paralysed by an orc sorcerer for 4 turns
 19113 | Orc:2    | HP: 14/141 [orc knight/+0 dire flail (29)]
 19114 | Orc:2    | HP: 5/141 [orc warrior/+0 halberd (9)]
 19114 | Orc:2    | Slain by an orc sorcerer

Illustrated notes

Levels and vault maps discovered:
D:1:      dpeg_arrival_rooms_with_view, layout_rooms
D:2:      layout_loops_cross, ebering_ecumenical_altar_rust,
          uniq_crazy_yiuf_cottage, uniq_terence
D:3:      layout_basic, chequers_big_river, kennysheep_big_empty_room,
          minmay_misc_feat_columns, grunt_decor_one_mirror, uniq_ijyb,
          uniq_robin, uniq_jessica
D:4:      layout_loops_ring, minmay_temple_entry_purple_smoke,
          minmay_joined_circles, uniq_natasha
D:5:      layout_basic, serial_shops, nicolae_shop_waterfront,
          portal_sewer_entry_f, gammafunk_ghost_abyssal_escape,
          grunt_decor_arrowhead, uniq_grinder
D:6:      layout_rooms, mainiacjoe_overflow_chevrons,
          mainiacjoe_overflow_surrounded_room, serial_rivers,
          chequers_serial_rivers_micro_b, chequers_serial_rivers_micro_c,
          chequers_serial_rivers_small_a, chequers_serial_rivers_marsh,
          chequers_serial_rivers_micro_c, chequers_serial_rivers_large_a,
          minmay_manual_maat, uniq_prince_ribbit1, uniq_maggie, uniq_edmund,
          uniq_sigmund
D:7:      layout_basic, mainiacjoe_overflow_alcove_2,
          mainiacjoe_overflow_cross_hatched, nicolae_elyvilon_peaceful_grove,
          uniq_menkaure, uniq_duvessa
D:8:      layout_rooms, mainiacjoe_overflow_six_doors_small,
          general_overflow_altar, gammafunk_temple_overflow_pools
D:9:      layout_basic, david_lair_shrubbed, serial_glass, glass_columns_b,
          glass_columns_a
D:10:     layout_loops_corners, amcnicky_altar_gilded, mrwooster_statue_mirror,
          st_stairs_12, doesnt_shop_hydraphobe
D:11:     layout_layer_cave, david_orc_1_choice, uniq_snorg, uniq_fannar,
          uniq_maurice
Temple:   hc_temple_tempest_star
Lair:1:   hellmonk_ruined_rings, layout_long_grid, fungi_pond_lemuel,
          nzn_random_ring, lemuel_fruit_tree
Lair:2:   layout_small_grid, basic_altar, infiniplex_staircase_pool_2
Lair:3:   layout_layer_cave, swamp_mist_pool, guppyfry_snake_entry_garden,
          nzn_ghost_randoct, st_stairs_13, dpeg_oklob_1, grunt_megastairs_3
Lair:4:   layout_cave_pods, slime_entry_2, wad_woods_river_03
Lair:5:   minmay_lair_end_enchanted_forest, layout_cave_pods,
          gammafunk_ghost_wrathful_warriors
Orc:1:    layout_caves
Orc:2:    st_orc_elflike, layout_diamond_mine, serial_shops, shop_coins

Skill      XL: |  1  2  3  4  5  6  7  8  9 10 11 12 13 |
---------------+----------------------------------------+-----
Stealth        | 1 2 3 4 5 6 7 9 10 11 | 11.6
Fighting       | 3 4 6 7 9 12 14 16 17 | 17.8
Dodging        | 3 4 5 6 8 9 11 12 13 | 13.9
Ranged Weapons | 5 6 7 9 10 11 13 14 | 14.4

Action                     |  1- 3 |  4- 6 |  7- 9 | 10-12 | 13-15 || total
---------------------------+-------+-------+-------+-------+-------++-------
   Fire: Shortbow          |   107 |    10 |       |       |       ||   117
         Arbalest          |       |   108 |   204 |   298 |       ||   610
         Triple crossbow   |       |       |       |    84 |   252 ||   336
 Invoke: Call Merchant     |       |       |     1 |       |     2 ||     3
  Evoke: Wand              |       |       |       |     9 |       ||     9
    Use: Scroll            |     4 |     5 |     9 |    17 |     6 ||    41
         Potion            |       |       |       |     6 |     2 ||     8
 Armour: Leather armour    |    19 |    21 |    21 |    47 |    26 ||   134
         Scale mail        |       |       |       |       |    30 ||    30
  Dodge: Dodged            |    32 |    42 |    86 |   210 |   265 ||   635

Table legend: (Time is in decaauts)
 A = Elapsed time spent in this place.
 B = Non-inter-level travel time spent in this place.
 C = Inter-level travel time spent in this place.
 D = Time resting spent in this place.
 E = Time spent auto-exploring this place.
 F = Levels seen in this place.
 G = Mean time per level.
                   A        B        C        D        E       F      G
               +--------+--------+--------+--------+--------+-----+--------+
         Total |  20077 |  19333 |    744 |    523 |  15868 |  20 | 1003.8 |
       Dungeon |  10698 |  10308 |    390 |    246 |   8501 |  11 |  972.5 |
        Temple |    267 |    241 |     26 |      0 |    221 |   1 |  267.0 |
          Lair |   8067 |   7739 |    328 |    277 |   6402 |   5 | 1613.4 |
  Orcish Mines |    844 |    844 |      0 |      0 |    605 |   2 |  422.0 |
         Sewer |    199 |    199 |      0 |      0 |    138 |   1 |  199.0 |
               +--------+--------+--------+--------+--------+-----+--------+

Top non-repeatable levels by time:
  Lair:5: 2644 daAuts
  Lair:3: 1660 daAuts
  Lair:4: 1449 daAuts
    D:11: 1359 daAuts
     D:5: 1189 daAuts
  Lair:1: 1170 daAuts
  Lair:2: 1143 daAuts
     D:6: 1120 daAuts
     D:3: 1107 daAuts
     D:7: 1005 daAuts
     D:2: 1000 daAuts
     D:9: 971 daAuts
    D:10: 861 daAuts
     D:4: 854 daAuts
     D:8: 685 daAuts

Table legend:
 A = Kills in this place as a percentage of kills in the entire game.
 B = Kills by you in this place as a percentage of kills by you in the entire game.
 C = Kills by friends in this place as a percentage of kills by friends in the entire game.
 D = Other kills in this place as a percentage of other kills in the entire game.
 E = Experience gained in this place as a percentage of experience gained in the entire game.
 F = Experience gained in this place divided by the number of levels of this place that you have seen.
                   A       B       C       D       E      F
               +-------+-------+-------+-------+-------+----------------------
         Total | 100.0 | 100.0 |   N/A |   N/A | 100.0 | 3472.6
       Dungeon |  58.1 |  58.1 |   N/A |   N/A |  23.1 | 1456.5
          Lair |  32.6 |  32.6 |   N/A |   N/A |  64.7 | 8984.6
  Orcish Mines |   8.8 |   8.8 |   N/A |   N/A |  12.0 | 4184.0
         Sewer |   0.6 |   0.6 |   N/A |   N/A |   0.2 | 140.0
               +-------+-------+-------+-------+-------+----------------------
